 Dungeon Crawl Stone Soup version 0.17-a0-124-gc3c9679 (webtiles) character file.

59668 HAL9000 the Bludgeoner (level 14, 0/152 (154) HPs)
             Began as an Ogre Hunter on Mar 22, 2015.
             Was a High Priest of Okawaru.
             Slain by a spiny frog (11 damage)
             ... on level 8 of the Lair of Beasts.
             The game lasted 01:00:17 (30116 turns).

HAL9000 the Bludgeoner (Ogre Hunter)               Turns: 30116, Time: 01:00:17

HP:   0/152 (154)   AC:  7    Str: 22    XL:     14   Next: 96%
MP:   24/27         EV: 17    Int: 10    God:    Okawaru [*****.]
Gold: 1075          SH:  0    Dex: 12    Spells: 1 memorised, 9 levels left

rFire  . . .     SeeInvis .     J - +0 giant spiked club (venom)
rCold  + + +     Clarity  .     q - +2 robe of Gallantry {god gift, rC+++ MR+ rCorr Str-2}
rNeg   . . .     SustAb   .     (shield restricted)
rPois  .         Gourm    .     (helmet restricted)
rElec  .         Spirit   .     I - +1 cloak
rCorr  +         Warding  .     (gloves unavailable)
rMut   .         Stasis   .     (boots unavailable)
MR     ++...                    (no amulet)
Stlth  ++........               i - ring of invisibility
                                w - +2 ring of strength

@: lethally poisoned (0 -> -113), heroism, slowed, very slow, very resistant to
hostile enchantments, unstealthy
A: unfitting armour, tough skin 1
a: Heroism, Finesse, Renounce Religion, Evoke Invisibility


You were on level 8 of the Lair of Beasts.
You worshipped Okawaru.
Okawaru was extremely pleased with you.
You were near starving.

You visited 3 branches of the dungeon, and saw 18 of its levels.
You also visited: Ice Cave.

You collected 1075 gold pieces.

Inventory:

Hand weapons
 H - a +1 eveningstar of protection {god gift}
 J - a +0 giant spiked club of venom (weapon)
Missiles
 d - a poisoned javelin (quivered)
 e - 2 steel tomahawks
 C - 4 tomahawks of returning
 K - 7 tomahawks
 O - a javelin
 T - 4 large rocks
Armour
 a - a +2 robe of magic resistance
 q - the +2 robe of Gallantry (worn) {god gift, rC+++ MR+ rCorr Str-2}
   (Okawaru gifted it to you on level 8 of the Lair of Beasts)

   It affects your strength (-2).
   It renders you almost immune to cold.
   It affects your resistance to hostile enchantments.
   It protects you from acid and corrosion.
 I - a +1 cloak (worn)
 Z - a +2 robe of the Archmagi {god gift}
Jewellery
 i - a ring of invisibility (right hand)
 w - a +2 ring of strength (left hand)
 N - an uncursed amulet of faith
Magical devices
 z - a wand of digging (11)
 D - a wand of heal wounds (0)
 M - a wand of invisibility (1)
 S - a wand of disintegration (18)
 Y - a wand of fire (2)
Scrolls
 c - a scroll of summoning
 h - a scroll of blinking
 u - 9 scrolls of remove curse
 y - 4 scrolls of enchant armour
 B - 4 scrolls of recharging
 U - 2 scrolls of magic mapping
Potions
 g - 2 potions of mutation {unknown}
 j - a potion of beneficial mutation {unknown}
 k - 4 potions of flight
 m - 3 potions of cure mutation {unknown}
 n - a potion of agility {unknown}
 o - 3 potions of restore abilities
 r - a potion of ambrosia {unknown}
 s - a potion of might
 A - 4 potions of brilliance
 E - a potion of lignification
 F - 2 potions of resistance {unknown}
 G - a potion of cancellation {unknown}
 P - 2 potions of invisibility {unknown}
 V - 2 potions of berserk rage {unknown}
 W - 2 potions of haste {unknown}
Books
 t - a book of Control

   Spells                             Type                      Level
   a - Control Teleport               Charms/Translocation         4
   b - Control Undead                 Necromancy                   4
   c - Enslavement                    Hexes                        4
   d - Metabolic Englaciation         Hexes/Ice                    5
   e - Mass Confusion                 Hexes                        6
 R - a book of Envenomations

   Spells                             Type                      Level
   a - Spider Form                    Transmutation/Poison         3
   b - Alistair's Intoxication        Transmutation/Poison         4
   c - Olgreb's Toxic Radiance        Poison                       4
   d - Poisonous Cloud                Conjuration/Poison/Air       6
 X - a book of Cantrips

   Spells                             Type                      Level
   a - Corona                         Hexes                        1
   b - Animate Skeleton               Necromancy                   1
   c - Summon Small Mammal            Summoning                    1
   d - Apportation                    Translocation                1
Miscellaneous
 b - a fan of gales
Comestibles
 f - 7 meat rations
 x - 7 bread rations
 L - a royal jelly


   Skills:
 + Level 13.6(18.6) Fighting
 + Level 19.2(24.2) Maces & Flails
 - Level 11.9(16.9) Throwing
 + Level 10.5(15.5) Dodging
 - Level 0.7(5.7) Stealth
 - Level 9.0 Invocations
 + Level 2.9 Evocations


You had 9 spell levels left.
You knew the following spells:

 Your Spells              Type           Power        Failure   Level  Hunger
v - Enslavement           Hex            #.......     100%        4    #####..


Dungeon Overview and Level Annotations

Branches:
Dungeon (9/15)             Temple (1/1) D:5            Lair (8/8) D:8
  Swamp (0/5) Lair:5       Spider (0/5) Lair:3        Slime (0/6) Lair:7
    Orc: D:9-12

Altars:
Ashenzari
Elyvilon
Fedhas
Gozag
Kikubaaqudgha
Makhleb
Nemelex Xobeh
Okawaru
Qazlal
Ru
Sif Muna
Trog
Vehumet
Xom
Yredelemnul
Zin
The Shining One


Innate Abilities, Weirdness & Mutations

You are too large for most types of armour.
You have tough skin (AC +1).


Message History

The hornet stings you!
* * * LOW HITPOINT WARNING * * *
You are more poisoned.
You shrug off the repeated paralysis!
You can move again.
Unknown command.
You barely miss the spiny frog.
* * * LOW HITPOINT WARNING * * *
You feel extremely sick. The spiny frog closely misses you.
The spiny frog stings you.
* * * LOW HITPOINT WARNING * * *
You are more poisoned.
The spiny frog poisons you! The spiny frog closely misses you.
The hornet completely misses you. The hornet closely misses you.
You stick the spiny frog like a pincushion!!!
The spiny frog is almost dead.
* * * LOW HITPOINT WARNING * * *
You feel extremely sick. The spiny frog stings you!
You die...

......PP#.PP.#PP.#.P..#..####.
........#..P..P..#..PPP#..##.#
..##....##......##....##.....# ##
..##.....#......#.....##P....# #.
P.†##...^##....##....##.PP...###.
....##....#....#....##...P...##..
P....##.†.##..##...##............
#.....##...#..#yFF##.....#.......
###....##..####F@##....###.......
P.###..(PP(.##.y##...###.........
....###.[######....###...........
.P....#####....†.###.............
#.......##..PPF.## .....#.P....
........##..PP.(# ......#..).
......#####....## .P..###...
.P..###..###P.### P.. ##..
P.###......#..#.## P. #.#.


You could see 2 hornets and 4 spiny frogs.

Vanquished Creatures
  Maud (Lair:6)
  A frost giant (IceCv)
  11 hydras
  Erica (Lair:5)
  6 death yaks (Lair:7)
  An ice statue (IceCv)
  Pikel (D:5)
  A wolf spider (Lair:8)
  4 elephants (Lair:7)
  2 griffons
  9 black mambas
  2 torpor snails
  21 spiny frogs
  7 komodo dragons
  10 fire drakes
  A jumping spider (Lair:3)
  10 blink frogs (Lair:6)
  17 polar bears
  4 basilisks
  45 yaks
  A redback (Lair:3)
  A wyvern (Lair:7)
  10 hippogriffs
  30 wolves
  2 orc warriors (D:6)
  15 water moccasins
  7 vampire mosquitoes (Lair:5)
  6 spiders
  13 porcupines
  8 ice beasts (Lair:4)
  A phantom (D:8)
  A necrophage (D:8)
  2 black bears
  2 wasps (Lair:8)
  2 sky beasts
  3 ogres
  3 centaurs
  10 crocodiles
  A boring beetle (Lair:7)
  2 big kobolds (D:8)
  13 giant frogs
  A water moccasin skeleton (D:4)
  4 killer bees
  2 crimson imps
  A giant frog zombie (D:5)
  2 electric eels (Lair:5)
  A centaur skeleton (D:3)
  7 hounds
  3 orc priests
  6 jellies
  2 giant frog skeletons
  A gnoll shaman (D:7)
  8 orc wizards
  6 iguanas
  12 worker ants
  11 sheep
  Ijyb (D:3)
  A hound zombie (D:5)
  A mummy (D:7)
  2 hound skeletons
  5 gnolls (D:7)
  39 river rats
  A worker ant zombie (D:5)
  24 adders
  A shadow imp (D:5)
  3 worms
  3 giant mites
  An adder skeleton (D:6)
  2 adder zombies
  5 giant geckos
  3 oozes (Lair:7)
  28 orcs
  3 ball pythons
  15 bats
  2 bat skeletons
  4 bat zombies
  11 giant cockroaches
  9 goblins
  7 hobgoblins
  8 jackals
  22 kobolds
  10 quokkas
  2 giant gecko skeletons
  5 giant newts
  2 jackal zombies
  2 quokka skeletons
  A quokka zombie (D:5)
  17 rats
  2 fungi
  A plant (Lair:8)
598 creatures vanquished.

Vanquished Creatures (collateral kills)
  A hippogriff (Lair:3)
  A spider (Lair:8)
2 creatures vanquished.

Vanquished Creatures (others)
  A spiny frog (Lair:7)
  A giant frog zombie (D:5)
  A centaur zombie (D:5)
  A giant cockroach zombie (D:5)
  9 fungi
  2 plants
15 creatures vanquished.

Grand Total: 615 creatures vanquished

Notes
Turn   | Place    | Note
--------------------------------------------------------------
     0 | D:1      | HAL9000, the Ogre Hunter, began the quest for the Orb.
     0 | D:1      | Reached XP level 1. HP: 22/22 MP: 1/1
    93 | D:1      | Reached skill level 1 in Maces & Flails
   337 | D:1      | Reached XP level 2. HP: 29/29 MP: 2/2
  1474 | D:2      | Reached XP level 3. HP: 19/36 MP: 3/3
  2497 | D:3      | Noticed Ijyb
  2763 | D:3      | Killed Ijyb
  2763 | D:3      | Reached XP level 4. HP: 36/44 MP: 4/4
  2964 | D:3      | Reached skill level 5 in Maces & Flails
  3478 | D:3      | Reached skill level 6 in Maces & Flails
  3478 | D:3      | Reached XP level 5. HP: 14/52 MP: 5/5
  4239 | D:4      | Found a glowing silver altar of Zin.
  4663 | D:4      | Reached skill level 7 in Maces & Flails
  5019 | D:4      | Reached XP level 6. HP: 45/59 MP: 6/6
  5368 | D:5      | Entered Level 5 of the Dungeon
  5438 | D:5      | Found a radiant altar of Vehumet.
  5464 | D:5      | Reached skill level 8 in Maces & Flails
  5569 | D:5      | Found a staircase to the Ecumenical Temple.
  5582 | D:5      | Found a sparkling altar of Nemelex Xobeh.
  5602 | D:5      | Noticed Pikel
  5627 | Temple   | Entered the Ecumenical Temple
  5633 | Temple   | Reached skill level 9 in Maces & Flails
  5633 | Temple   | Reached XP level 7. HP: 14/66 MP: 7/7
  5953 | D:5      | Killed Pikel
  5953 | D:5      | Reached skill level 11 in Maces & Flails
  5953 | D:5      | Reached XP level 8. HP: 74/74 MP: 8/8
  6443 | D:5      | Reached skill level 12 in Maces & Flails
  6948 | D:6      | Reached skill level 13 in Maces & Flails
  7511 | D:6      | Reached XP level 9. HP: 52/80 MP: 9/9
  7513 | D:6      | Reached skill level 14 in Maces & Flails
  8421 | D:7      | Found a glowing silver altar of Zin.
  8839 | D:7      | Reached skill level 15 in Maces & Flails
 10065 | D:8      | Reached skill level 5 in Throwing
 10303 | D:8      | Found an iron altar of Okawaru.
 10313 | D:8      | Became a worshipper of Warmaster Okawaru
 10496 | D:8      | Found a staircase to the Lair.
 10519 | D:8      | Reached XP level 10. HP: 82/92 MP: 10/10
 10526 | D:8      | Reached skill level 5 in Fighting
 10718 | D:8      | Acquired Okawaru's first power
 11133 | Lair:1   | Entered Level 1 of the Lair of Beasts
 11865 | Lair:1   | Noticed a black mamba
 11875 | Lair:1   | Killed a black mamba
 12073 | Lair:1   | Reached skill level 16 in Maces & Flails
 12150 | Lair:1   | Reached skill level 5 in Dodging
 12477 | Lair:1   | Reached XP level 11. HP: 66/108 MP: 11/11
 12496 | Lair:1   | Received a gift from Okawaru
 12829 | Lair:1   | Learned a level 4 spell: Enslavement
 13839 | Lair:2   | Noticed a four-headed hydra
 13851 | Lair:2   | Killed a four-headed hydra
 14537 | Lair:2   | Noticed a four-headed hydra
 14541 | Lair:2   | Killed a four-headed hydra
 14685 | Lair:2   | Acquired Okawaru's second power
 15145 | Lair:2   | Received a gift from Okawaru
 15667 | Lair:3   | Got an iridescent arbalest
 15671 | Lair:3   | Identified the cursed +3 arbalest of Conscience {elec, rN+} (You found it on level 3 of the Lair of Beasts)
 15898 | Lair:3   | Found a hole to the Spider Nest.
 16170 | Lair:3   | Reached skill level 1 in Invocations
 16205 | Lair:3   | Reached skill level 17 in Maces & Flails
 16221 | Lair:3   | Noticed a seven-headed hydra
 16227 | Lair:3   | Killed a seven-headed hydra
 16227 | Lair:3   | Reached XP level 12. HP: 116/124 MP: 13/15
 16360 | Lair:3   | Reached skill level 10 in Fighting
 17056 | Lair:3   | Received a gift from Okawaru
 17363 | Lair:4   | Noticed a four-headed hydra
 17367 | Lair:4   | Killed a four-headed hydra
 17484 | Lair:4   | Found a frozen archway.
 17534 | IceCv    | Entered an ice cave
 18416 | IceCv    | Reached skill level 10 in Throwing
 18543 | IceCv    | Noticed a frost giant
 18560 | IceCv    | HP: 4/128 [frost giant/bolt of cold (50)]
 18802 | IceCv    | Killed a frost giant
 18802 | IceCv    | Reached skill level 5 in Invocations
 18802 | IceCv    | Reached XP level 13. HP: 52/135 MP: 19/21
 19143 | IceCv    | Received a gift from Okawaru
 19146 | IceCv    | Got a brightly glowing war axe {god gift}
 20629 | Lair:4   | Reached skill level 18 in Maces & Flails
 21587 | Lair:5   | Noticed Erica
 21592 | Lair:5   | Received a gift from Okawaru
 21879 | Lair:5   | Killed Erica
 22203 | Lair:5   | Found a staircase to the Swamp.
 22467 | Lair:5   | Received a gift from Okawaru
 23350 | Lair:6   | Received a gift from Okawaru
 23539 | Lair:6   | Noticed Maud
 23548 | Lair:6   | Killed Maud
 24855 | Lair:7   | Reached XP level 14. HP: 119/148 MP: 25/25
 25190 | Lair:7   | Found a blossoming altar of Fedhas.
 25210 | Lair:7   | Received a gift from Okawaru
 25848 | Lair:7   | Received a gift from Okawaru
 26278 | Lair:7   | Found a staircase to the Slime Pits.
 27211 | Lair:7   | Reached skill level 10 in Dodging
 27211 | Lair:7   | Reached skill level 1 in Evocations
 27215 | Lair:7   | Reached skill level 19 in Maces & Flails
 27627 | Lair:8   | Entered Level 8 of the Lair of Beasts
 27671 | Lair:8   | Found a burning altar of Makhleb.
 28556 | Lair:8   | Received a gift from Okawaru
 28560 | Lair:8   | Got a fabulously ornate robe {god gift}
 28571 | Lair:8   | Identified the +2 robe of Gallantry {god gift, rC+++ MR+ rCorr Str-2} (Okawaru gifted it to you on level 8 of the Lair of Beasts)
 30113 | Lair:8   | Paralysed by a hornet for 2 turns
 30116 | Lair:8   | Slain by a spiny frog

Action                   |  1- 3 |  4- 6 |  7- 9 | 10-12 | 13-15 || total
-------------------------+-------+-------+-------+-------+-------++-------
Melee: Club              |   204 |   107 |       |       |       ||   311
       Short sword       |     2 |       |       |       |       ||     2
       Mace              |       |    21 |       |       |       ||    21
       Flail             |       |    33 |       |       |       ||    33
       Giant club        |       |    30 |   296 |       |       ||   326
       Giant spiked club |       |       |    54 |   460 |   604 ||  1118
       Eveningstar       |       |       |       |       |    73 ||    73
Throw: Large rock        |     8 |     8 |     7 |    45 |    10 ||    78
       Throwing net      |       |     1 |       |     2 |       ||     3
       Javelin           |       |       |       |    15 |    79 ||    94
       Tomahawk          |       |       |       |     7 |    50 ||    57
Invok: Heroism           |       |       |       |     5 |     8 ||    13
Evoke: Wand              |       |       |       |     8 |     2 ||    10
  Use: Scroll            |       |       |    16 |     8 |     3 ||    27
       Potion            |       |       |     2 |     7 |     5 ||    14
 Stab: Sleeping          |     2 |       |     1 |     2 |       ||     5
       Distracted        |       |       |       |       |     1 ||     1
  Eat: Chunk             |     5 |     8 |    12 |    23 |    25 ||    73
       Fruit             |       |     3 |     2 |     2 |     5 ||    12
       Beef jerky        |       |       |     1 |       |     2 ||     3
       Pizza             |       |       |       |     1 |     2 ||     3
